 Dungeon Crawl Stone Soup version bcrawl-1.41.1 (webtiles) character file.

Game seed: 1762637911724174982

573974 Grimmash the Basher (level 16, -4/169 HPs)
             Began as an Ent Archaeologist on Apr 19, 2024.
             Was a High Priest of Cheibriados.
             Slain by a wolf spider (23 damage)
             ... on level 1 of the Spider Nest.
             The game lasted 00:45:10 (24460 turns).

Grimmash the Basher (Ent Archaeologist)            Turns: 24460, Time: 00:45:11

Health: -4/169     AC: -3    Str: 34    XL:     16   Next: 58%
Magic:  26/29      EV: 21    Int: 29    God:    Cheibriados [*****.]
Gold:   2192       SH: 36    Dex: 32    Spells: 20/33 levels left

rFire    + . .     GDR:     45% b - +1 battleaxe (freeze)
rCold    + . .     SeeInvis +   f - +10 large shield of Ignorance {rN+ Int-4}
rNeg     + + +     Gourm    .   (armour unavailable)
rPois    +         Faith    .   A - +2 hat of Lisoas {rPois Dex+3}
rElec    .         Spirit   .   P - scarf {rC+ rF+}
rCorr    .         Reflect  +   (gloves unavailable)
MR       +....     Clarity  +   (boots unavailable)
Stlth    ++++......             i - +3 amulet of reflection
HPRegen  0.38/turn              n - +8 ring of dexterity
MPRegen  0.21/turn              H - ring of see invisible

@: about to teleport, corroded, studying Dodging, very slow
A: large, slow actions, passwall, strong branches, negative energy resistance 3,
poison resistance, slow metabolism 1, torment resistance, unbreathing, AC +23
a: Passwall, Bend Time, Defer, Temporal Distortion, Step From Time, Renounce
Religion


You were on level 1 of the Spider Nest.
You worshipped Cheibriados.
Cheibriados was extremely pleased with you.
You were hungry.

You visited 5 branches of the dungeon, and saw 21 of its levels.
You also visited: Sewer, Ossuary and Ice Cave.

You collected 2673 gold pieces.
You spent 481 gold pieces at shops.

Inventory:

Hand Weapons
 a - a +3 dire flail of freezing
 b - a +1 battleaxe of freezing (weapon)
 F - a +1 whip of flaming
 J - a +0 blowgun
Missiles
 d - 9 curare-tipped needles
 o - 6 throwing nets {=f}
 r - 688 poisoned needles
 y - 122 large rocks
 B - 247 poisoned tomahawks
 E - 110 javelins (quivered)
Armour
 f - the +10 large shield of Ignorance (worn) {rN+ Int-4}
   (You acquired it on level 3 of the Dungeon)

   It affects your intelligence (-4).
   It protects you from negative energy.
 A - the +2 hat of Lisoas (worn) {rPois Dex+3}
   (You acquired it in an ossuary)

   It affects your dexterity (+3).
   It protects you from poison.
 P - a scarf of resistance (worn)
Jewellery
 i - a +3 amulet of reflection (around neck)
 n - a +8 ring of dexterity (left hand)
 s - an uncursed ring of resist corrosion
 H - a ring of see invisible (right hand)
 I - an uncursed ring of flight
 S - an uncursed ring of insulation
 Y - the ring "Destem" {rC++ MR+}
   (You found it on level 6 of the Lair of Beasts)

   [ring of protection from magic]

   It greatly protects you from cold.
   It affects your resistance to hostile enchantments.
Wands
 q - a wand of iceblast (23)
 G - a wand of disintegration (14)
 Q - a wand of flame (23)
 W - a wand of acid (3)
 X - a wand of digging (5)
 Z - a wand of paralysis (8)
Scrolls
 h - 7 scrolls of amnesia
 m - 3 scrolls of enchant weapon
 p - 8 scrolls of teleportation
 u - 2 scrolls of immolation
 x - 6 scrolls of remove curse
 M - a scroll of revelation
 N - 2 scrolls of enchant armour
 O - a scroll of blinking
 V - a scroll of silence
Potions
 c - a potion of resistance
 g - 3 potions of cancellation
 j - 2 potions of lignification
 k - 4 potions of might
 l - 7 potions of flight
 t - 5 potions of brilliance
 v - 2 potions of agility
 w - 4 potions of heal wounds
 z - a potion of magic
 C - 7 potions of curing
 L - a potion of ambrosia
 T - 2 potions of mutation
Miscellaneous
 R - a lightning rod (inert)
 U - a box of beasts
Comestibles
 e - 44 rations {!d}
 K - 2 chunks of flesh


   Skills:
 * Level 9.6 Fighting
 * Level 5.5(8.2) Axes
 * Level 13.9(14.7) Maces & Flails
 + Level 0.8 Throwing
 * Level 10.7 Dodging
 + Level 5.5 Stealth
 * Level 12.5 Shields
 * Level 9.4 Spellcasting
 * Level 8.5 Conjurations
 * Level 3.9 Summonings
 * Level 9.6 Invocations
 * Level 2.9 Evocations


You had 20 spell levels left.
You knew the following spells:

 Your Spells              Type           Power        Failure   Level  Hunger
a - Iskenderun's Mystic   Conj           ######..     3%          3    None
b - Searing Ray           Conj           ######..     1%          2    None
c - Magic Dart            Conj           ####         1%          1    None
d - Spellforged Servitor  Conj/Summ      ######....   100%        7    #######

Your spell library contained the following spells:

 Spells                   Type           Power        Failure   Level  Hunger
 Sticks to Snakes         Tmut           ##......     50%         2    None
 Fulminant Prism          Conj/Hex       #####.....   54%         4    ##.....
 Irradiate                Conj/Tmut      #####.....   88%         5    ####...
 Freezing Cloud           Ice/Air        ##......     100%        5    ####...
 Metabolic Englaciation   Hex/Ice        ##........   100%        5    ####...
 Bolt of Cold             Conj/Ice       #####.....   100%        6    #####..
 Conjure Ball Lightning   Conj/Air       #####.....   100%        6    #####..
 Ozocubu's Refrigeration  Ice            ##........   100%        6    #####..
 Simulacrum               Ice/Necr       ##......     100%        6    #####..
 Orb of Destruction       Conj           ######....   100%        7    #######
 Beastly Appendage        Tmut           Unusable     N/A         1    N/A
 Passwall                 Tmut/Erth      Unusable     N/A         2    N/A
 Spider Form              Tmut/Pois      Unusable     N/A         3    N/A
 Ice Form                 Ice/Tmut       Unusable     N/A         4    N/A
 Blade Hands              Tmut           Unusable     N/A         5    N/A

Dungeon Overview and Level Annotations

Branches:
Dungeon (12/12)            Temple (1/1) D:4            Lair (6/6) D:9
 Shoals (0/3) Lair:2       Spider (1/3) Lair:3        Slime (0/5) Orc
    Orc (1/1) D:11            Elf (0/3) Lair:5       Vaults (0/3) D:11
 Depths (0/5) D:12

Altars:
Ashenzari
Cheibriados
Dithmenos
Elyvilon
Fedhas
Gozag
Hepliaklqana
Lugonu
Makhleb
Okawaru
Qazlal
Ru
Sif Muna
Trog
Uskayaw
Vehumet
Wu Jian
Xom
Yredelemnul
The Shining One
Jiyva

Shops:
D:9 =   Orc ?*((=

Annotations:
D:3 1 runed door
D:11 1 runed translucent door
Lair:3 3 runed translucent doors, Feulaj's ghost, journeyman MiBe; TTrolljaeger's ghost, journeyman SDSp


Innate Abilities, Weirdness & Mutations

You move and act slowly.
You can pass through walls and trees.
Your branches can wield two-handed weapons with a shield.
Your thick bark is tough. (AC +23)
You are too large for most types of armour.
You are immune to negative energy. (rN+++)
Your system is resistant to poisons. (rPois)
You have a slow metabolism.
You are immune to unholy pain and torment.
You can survive without breathing.


Message History

The wolf spider is blinded by the flash.
The thunderbolt hits the wolf spider.
The wolf spider is moderately wounded.
The tarantella is blinded by the flash.
The thunderbolt hits the tarantella.
The tarantella is moderately wounded.
The thunderbolt hits the tarantella.
The tarantella is blinded by the flash.
The tarantella is almost dead.
The lightning rod overheats!
The tarantella is no longer blind.
The wolf spider is no longer blind.
The tarantella is no longer blind.
The tarantella closely misses you. You block the tarantella's attack. x2
No path to travel!
No path to travel!
No path to travel!
No path to travel!
No path to travel!
Okay, then.
As you read the scroll of teleportation, it crumbles to dust.
You feel strangely unstable. You block the tarantella's attack.
The wolf spider hits you!!
You die...

#####
..!s##
#...#
#...#
#ss@#
#ss##
..s..
..##...
#...
....
##...
##..


You could see a demonic crawler, a wolf spider, 2 orb spiders and 2 tarantellas.

Vanquished Creatures
  Kirke (D:11)
  A frost giant (IceCv)
  Harold (D:8)
  3 hydras
  Erica (D:8)
  5 ogre magi
  21 two-headed ogres
  2 death yaks
  Nergalle (D:11)
  2 centaur warriors
  A fire crab (Lair:6)
  An unseen horror (D:11)
  2 cyclopes (D:12)
  A wolf spider zombie (D:10)
  3 orc knights (D:12)
  10 deep elf magi (Orc)
  5 wolf spiders
  5 orc sorcerers (D:12)
  2 orb spiders (Spider:1)
  An ugly thing (D:12)
  19 elephants
  5 manticores
  3 black mambas
  An ice statue (IceCv)
  A torpor snail (Lair:4)
  7 cane toads
  A gargoyle (D:10)
  2 demonic crawlers (Spider:1)
  A kobold demonologist (D:12)
  3 rime drakes
  12 komodo dragons
  5 jumping spiders
  4 harpy skeletons
  27 polar bears
  5 trolls
  A meliai zombie (D:10)
  A dream sheep (Lair:6)
  14 blink frogs
  Grinder (D:6)
  5 hippogriffs
  Grum (D:8)
  A shadow (D:10)
  2 wyverns
  4 wraiths (D:10)
  A human (D:8)
  4 tarantellas (Spider:1)
  2 hogs
  42 yaks
  3 basilisks
  A hungry ghost (D:6)
  7 redbacks
  Menkaure (D:6)
  4 vampire mosquitoes
  6 wargs
  An acid dragon (D:7)
  11 crocodiles
  8 porcupines
  4 water moccasins
  17 hell hounds (Lair:6)
  3 sky beasts
  6 orc warriors
  6 soldier ants (Spider:1)
  11 black bears (Lair:6)
  2 hornet zombies
  A swamp drake (D:9)
  3 necrophages
  4 ice beasts
  35 ogres
  A phantom (D:7)
  45 wolves
  6 bullfrogs
  3 kobold brigands
  An elf zombie (D:5)
  A wyvern skeleton (D:8)
  5 centaurs (D:12)
  A scorpion (D:4)
  16 killer bees
  13 wights
  A howler monkey (D:4)
  An electric eel (Orc)
  11 orc priests
  6 crimson imps
  2 bullfrog zombies
  5 jellies
  5 hounds
  2 human zombies (D:5)
  2 quasits
  3 bullfrog skeletons
  Ijyb (D:3)
  Terence (D:3)
  A human skeleton (D:5)
  3 iguanas
  17 orc wizards
  11 hell rats
  A merfolk siren (Sewer)
  22 worker ants
  A merfolk avatar (Sewer)
  A hound skeleton (D:4)
  8 mummies (Ossuary)
  A worker ant zombie (D:8)
  4 gnolls (D:10)
  15 adders
  9 river rats
  2 shadow imps
  12 white imps (D:12)
  2 adder zombies
  2 adder skeletons
  7 worms
  5 dart slugs
  4 leopard geckos
  71 orcs
  4 bats
  6 giant cockroaches
  9 goblins
  5 hobgoblins
  15 jackals
  30 kobolds
  6 quokkas
  9 ball pythons
  8 frilled lizards
  2 gnoll zombies (Ossuary)
  2 hobgoblin zombies (Ossuary)
  3 kobold zombies (Ossuary)
  2 orc skeletons (D:5)
  An orc zombie (Ossuary)
  29 rats
840 creatures vanquished.

Vanquished Creatures (others)
  3 two-headed ogres (D:12)
  A naga mage (D:12)
  A polar bear (IceCv)
  A yak (IceCv)
  5 humans (D:11)
  A vampire mosquito (D:11)
  2 wolves (IceCv)
  A bullfrog (D:11)
  2 orc wizards (Orc)
  A worker ant (Spider:1)
  A bush (Lair:4)
  24 fungi
  36 plants
  6 withered plants (Lair:3)
85 creatures vanquished.

Grand Total: 925 creatures vanquished

Notes
Turn   | Place    | Note
-------+----------+-------------------------------------------
     0 | D:1      | Grimmash the Ent Archaeologist began the quest for the Orb.
     0 | D:1      | Reached XP level 1. HP: 21/21 MP: 1/1
    47 | D:1      | Reached XP level 2. HP: 29/29 MP: 2/2
   475 | D:1      | Reached XP level 3. HP: 31/36 MP: 3/3
   598 | D:2      | Found a faded altar of an unknown god.
   648 | D:2      | Reached skill level 2 in Maces & Flails
   692 | D:2      | Found a blossoming altar of Fedhas.
   959 | D:2      | Reached XP level 4. HP: 44/46 MP: 5/5
  1021 | D:2      | Found a white marble altar of Elyvilon.
  1097 | D:2      | Found a basalt altar of Yredelemnul.
  1559 | D:3      | Reached skill level 1 in Spellcasting
  1593 | D:3      | Reached XP level 5. HP: 36/57 MP: 6/6
  1593 | D:3      | Identified a scroll of acquirement
  1597 | D:3      | Identified the +10 shortbow "Vechya" {freeze, rC+ rN++
                  | Int+4} (You acquired it on level 3 of the Dungeon)
  1597 | D:3      | Identified the ring of Finality {Fire Int+2 Stlth+} (You
                  | acquired it on level 3 of the Dungeon)
  1598 | D:3      | Found the +10 large shield of Ignorance {rN+ Int-4}
  1701 | D:3      | Noticed Terence
  1716 | D:3      | Killed Terence
  1717 | D:3      | Reached skill level 3 in Maces & Flails
  1728 | D:3      | Noticed Ijyb
  1773 | D:3      | Killed Ijyb
  1872 | D:3      | Noticed an ice beast
  1895 | D:3      | Killed an ice beast
  1896 | D:3      | Reached XP level 6. HP: 50/65 MP: 8/8
  2094 | D:3      | Found a runed door.
  2117 | D:4      | Noticed a sky beast
  2127 | D:4      | Killed a sky beast
  2128 | D:4      | Reached skill level 1 in Shields
  2140 | D:4      | Found a staircase to the Ecumenical Temple.
  2158 | D:4      | Reached skill level 4 in Maces & Flails
  2173 | Temple   | Entered the Ecumenical Temple
  2184 | Temple   | Became a worshipper of Cheibriados the Contemplative
  2214 | D:4      | Found a glowing drain.
  2247 | Sewer    | Entered a sewer
  2353 | Sewer    | Reached * piety under Cheibriados
  2363 | Sewer    | Reached XP level 7. HP: 49/74 MP: 10/10
  2816 | D:4      | Got a flickering wooden ring
  2817 | D:4      | Identified the ring "Face" {Ice MR+} (You found it on level
                  | 4 of the Dungeon)
  2935 | D:4      | Learned a level 1 spell: Magic Dart
  2938 | D:4      | Learned a level 2 spell: Searing Ray
  2942 | D:4      | Learned a level 3 spell: Iskenderun's Mystic Blast
  2978 | D:4      | Reached ** piety under Cheibriados
  3492 | D:4      | Reached skill level 1 in Invocations
  3492 | D:4      | Reached XP level 8. HP: 85/85 MP: 11/11
  3509 | D:5      | Entered Level 5 of the Dungeon
  3758 | D:5      | Found a sand-covered staircase.
  3763 | Ossuary  | Entered an ossuary
  3764 | Ossuary  | Identified the +2 hat of Lisoas {rPois Dex+3} (You acquired
                  | it in an ossuary)
  3786 | Ossuary  | Reached *** piety under Cheibriados
  3816 | Ossuary  | Reached skill level 5 in Maces & Flails
  4006 | D:5      | Reached skill level 5 in Fighting
  4006 | D:5      | Reached skill level 1 in Conjurations
  4205 | D:5      | Reached **** piety under Cheibriados
  4371 | D:6      | Reached skill level 5 in Dodging
  4372 | D:6      | Noticed Menkaure
  4378 | D:6      | Killed Menkaure
  4379 | D:6      | Reached skill level 6 in Maces & Flails
  4380 | D:6      | Noticed a hippogriff
  4395 | D:6      | Killed a hippogriff
  4397 | D:6      | Reached XP level 9. HP: 87/95 MP: 13/13
  4473 | D:6      | Reached skill level 5 in Shields
  4669 | D:6      | Reached ***** piety under Cheibriados
  4675 | D:6      | Found an ancient bone altar of Kikubaaqudgha.
  4770 | D:6      | Reached skill level 7 in Maces & Flails
  4783 | D:6      | Noticed Grinder
  4795 | D:6      | Killed Grinder
  5027 | D:6      | Found a corrupted altar of Lugonu.
  5548 | D:7      | Found a bloodstained altar of Trog.
  5892 | D:7      | Found a sacrificial altar of Ru.
  5995 | D:7      | Reached skill level 5 in Stealth
  5995 | D:7      | Reached XP level 10. HP: 106/106 MP: 16/16
  6619 | D:8      | Noticed Grum
  6624 | D:8      | Noticed a manticore
  7170 | D:7      | Killed a manticore
  7316 | D:8      | Got a smoking sapphire amulet
  7317 | D:8      | Identified the amulet of Attitude {Faith Int+5} (You found
                  | it on level 8 of the Dungeon)
  7344 | D:8      | Killed Grum
  7418 | D:8      | Noticed Harold
  7453 | D:8      | Killed Harold
  7454 | D:8      | Reached skill level 1 in Axes
  7713 | D:8      | Noticed Erica
  7728 | D:8      | Killed Erica
  7729 | D:8      | Reached skill level 8 in Maces & Flails
  7729 | D:8      | Reached skill level 5 in Spellcasting
  7913 | D:8      | Found a hide-covered altar of Uskayaw.
  7967 | D:8      | Found an iron altar of Okawaru.
  8199 | D:8      | Found an ornate altar of the Wu Jian Council.
  8312 | D:8      | Reached XP level 11. HP: 95/116 MP: 18/18
  8396 | D:9      | Found Anousacs's Jewellery Shoppe.
  8414 | D:9      | Reached ****** piety under Cheibriados
  8685 | D:9      | Reached skill level 5 in Invocations
  9011 | D:9      | Found a staircase to the Lair.
  9138 | Lair:1   | Entered Level 1 of the Lair of Beasts
  9330 | Lair:1   | Reached skill level 5 in Conjurations
  9509 | Lair:1   | Reached skill level 9 in Maces & Flails
  9691 | Lair:1   | Noticed an eight-headed hydra
  9703 | Lair:1   | Killed an eight-headed hydra
 10518 | Lair:2   | Found a staircase to the Shoals.
 10991 | Lair:3   | Reached XP level 12. HP: 87/127 MP: 21/21
 11128 | Lair:3   | Found a runed translucent gate.
 11129 | Lair:3   | Found a runed translucent gate.
 11154 | Lair:3   | Got a flickering pewter amulet
 11155 | Lair:3   | Identified the amulet "Bilyul" {Inacc rC+ rN+ Str-5} (You
                  | found it on level 3 of the Lair of Beasts)
 11882 | Lair:3   | Found a runed translucent gate.
 11882 | Lair:3   | Noticed Feulaj's ghost (journeyman MiBe)
 11883 | Lair:3   | Noticed TTrolljaeger's ghost (journeyman SDSp)
 12004 | Lair:3   | Found a hole to the Spider Nest.
 12153 | Lair:3   | Found a runed translucent gate.
 12154 | Lair:3   | Found a runed translucent gate.
 12154 | Lair:3   | Found a runed translucent gate.
 12639 | Lair:3   | Found a hole to the Spider Nest.
 12758 | Spider:1 | Entered Level 1 of the Spider Nest
 12806 | Lair:4   | Noticed a death yak
 12840 | Lair:4   | Killed a death yak
 13266 | Lair:4   | Noticed a five-headed hydra
 13275 | Lair:4   | Killed a five-headed hydra
 13506 | Lair:4   | Reached skill level 10 in Shields
 14040 | Lair:5   | Reached XP level 13. HP: 137/137 MP: 17/23
 14119 | Lair:5   | Found a staircase to the Elven Halls.
 14132 | Lair:5   | Learned a level 7 spell: Spellforged Servitor
 14298 | Lair:5   | Reached skill level 10 in Maces & Flails
 14876 | Lair:5   | Reached skill level 1 in Summonings
 15294 | Lair:6   | Entered Level 6 of the Lair of Beasts
 16643 | Lair:6   | Got a bound jade ring
 16651 | Lair:6   | Identified the ring "Destem" {rC++ MR+} (You found it on
                  | level 6 of the Lair of Beasts)
 16694 | Lair:6   | Got an iridescent rapier
 17861 | D:10     | Entered Level 10 of the Dungeon
 17892 | D:10     | Reached XP level 14. HP: 148/148 MP: 26/26
 18086 | D:10     | Found a shimmering altar of Xom.
 18933 | D:11     | Found a staircase to the Orcish Mines.
 19062 | D:11     | Noticed Kirke
 19075 | D:11     | Killed Kirke
 19166 | D:11     | Found a runed translucent door.
 19168 | D:11     | Found a gate to the Vaults.
 19168 | D:11     | Noticed a mature weirdbat beast
 19594 | D:11     | Noticed Nergalle
 19623 | D:11     | Killed Nergalle
 19624 | D:11     | Reached skill level 11 in Maces & Flails
 19902 | D:12     | Entered Level 12 of the Dungeon
 19903 | D:12     | Found a staircase to the Depths.
 20029 | D:12     | Paralysed by an orc sorcerer for 3 turns
 20116 | D:12     | Found a frozen archway.
 20147 | IceCv    | Entered an ice cave
 20538 | IceCv    | Reached skill level 13 in Maces & Flails
 20538 | IceCv    | Reached XP level 15. HP: 158/158 MP: 27/27
 20562 | IceCv    | Reached skill level 1 in Evocations
 20880 | IceCv    | Noticed a frost giant
 20894 | IceCv    | Killed a frost giant
 21221 | D:12     | Reached skill level 10 in Dodging
 21234 | D:12     | Reached skill level 5 in Axes
 21313 | D:12     | Found a radiant altar of Vehumet.
 22055 | D:12     | Reached XP level 16. HP: 94/168 MP: 28/28
 22398 | D:12     | Identified the +7 giant spiked club of Truncation {drain,
                  | rF+} (You acquired it on level 12 of the Dungeon)
 22398 | D:12     | Identified the amulet of the Five Stories {Gourm SInv} (You
                  | acquired it on level 12 of the Dungeon)
 22467 | Orc      | Entered the Orcish Mines
 22615 | Orc      | Found Ymoli's Jewellery Boutique.
 22615 | Orc      | Found Duoseis's Weapon Shoppe.
 22616 | Orc      | Found Egovi Sooni's Antique Weapon Shoppe.
 22616 | Orc      | Found Kiogicixzo's General Store.
 22870 | Orc      | Bought a runed great mace for 247 gold pieces
 23274 | Orc      | Found Giunoq's Magic Scroll Emporium.
 23432 | Orc      | Found a staircase to the Slime Pits.
 23432 | Orc      | Found a viscous altar of Jiyva.
 23811 | D:9      | Bought a +3 amulet of reflection for 234 gold pieces
 24460 | Spider:1 | Slain by a wolf spider

Skill      XL: |  1  2  3  4  5  6  7  8  9 10 11 12 13 14 15 16 |
---------------+-------------------------------------------------+-----
Dodging        | 3 4 5 6 7 8 9 10 | 10.7
Stealth        | 4 5 |  5.5
Maces & Flails | 2 3 4 6 7 8 9 10 13 | 13.9
Fighting       | 3 4 5 6 7 8 9 |  9.6
Spellcasting   | 1 2 3 4 5 6 7 8 9 |  9.4
Shields        | 1 3 4 6 7 8 10 11 12 | 12.5
Invocations    | 1 2 3 4 5 6 7 8 9 |  9.6
Conjurations   | 2 3 4 5 6 7 8 |  8.5
Axes           | 1 2 3 4 5 |  5.5
Summonings     | 2 3 |  3.9
Evocations     | 1 2 |  2.9
Throwing       | |  0.8

Action                   |  1- 3 |  4- 6 |  7- 9 | 10-12 | 13-15 | 16-18 || total
-------------------------+-------+-------+-------+-------+-------+-------++-------
Melee: Whip              |   134 |   210 |   597 |   938 |   890 |       ||  2769
       Battleaxe         |       |       |       |     9 |       |    39 ||    48
       Dire flail        |       |       |       |       |   283 |   344 ||   627
 Fire: Blowgun           |    38 |    24 |    20 |    20 |       |       ||   102
Throw: Tomahawk          |       |       |     6 |    20 |     1 |       ||    27
       Javelin           |       |       |       |       |     9 |    27 ||    36
 Cast: Searing Ray       |       |       |     1 |       |     8 |       ||     9
       Magic Dart        |       |       |       |     4 |       |       ||     4
       Iskenderun's Myst |       |       |       |    80 |   225 |       ||   305
Invok: Step From Time    |       |       |       |       |       |     2 ||     2
       Bend Time         |       |       |       |       |       |     2 ||     2
Evoke: Wand              |       |       |     2 |     6 |     2 |     2 ||    12
       Lightning rod     |       |       |       |       |     4 |     4 ||     8
  Use: Scroll            |     1 |     4 |     7 |    20 |     8 |     9 ||    49
       Potion            |       |     1 |     2 |     1 |     1 |     2 ||     7
 Stab: Sleeping          |     5 |    14 |    18 |    10 |     9 |       ||    56
       Invisible         |       |     2 |       |       |       |       ||     2
       Distracted        |       |       |       |     1 |     1 |       ||     2
  Eat: Chunk             |     5 |    12 |    17 |    42 |    30 |     5 ||   111
       Ration            |       |       |     3 |     1 |     4 |     3 ||    11
Armor: Skin              |    93 |   131 |   263 |   304 |   396 |   102 ||  1289
Dodge: Dodged            |   112 |    45 |   189 |   431 |   707 |   303 ||  1787
Block: Large shield      |       |   236 |  1027 |  1787 |  2548 |   791 ||  6389
